 Dungeon Crawl Stone Soup version 0.29-a0-321-gf1c400731a (webtiles) character file.

Game seed: 2521009432931230157

347 sammy202020 the Skirmisher (level 6, -8/73 HPs)
             Began as a Demonspawn Berserker on Apr 3, 2022.
             Was a Believer of Trog.
             Mangled by an ogre
             ... wielding a +0 giant club
              (11 damage)
             ... on level 4 of the Dungeon.
             The game lasted 00:03:40 (2114 turns).

sammy202020 the Skirmisher (Demonspawn Berserker)   Turns: 2114, Time: 00:03:42

Health: -8/73      AC: 13    Str: 17    XL:     6   Next: 32%
Magic:  6/6        EV:  5    Int: 11    God:    Trog [**....]
Gold:   72         SH:  0    Dex: 12    Spells: 5/5 levels left

rFire   . . .      SeeInvis .   p - +2 broad axe (vamp)
rCold   . . .      Faith    .   (no shield)
rNeg    . . .      Spirit   .   l - +0 plate armour
rPois   .          Reflect  .   m - +1 helmet
rElec   .          Harm     .   (no cloak)
rCorr   .          Rampage  .   (no gloves)
Will    .....      Clarity  +   (no boots)
Stlth   ..........              (no amulet)
HPRegen 0.22/turn               (no ring)
MPRegen 0.20/turn               (no ring)

@: berserking, very quick
A: magic regeneration, weakness stinger 1, demonic touch 2, clarity, evolution 1
a: Renounce Religion, Berserk, Trog's Hand


You were on level 4 of the Dungeon.
You worshipped Trog.
Trog was pleased with you.
You visited 1 branch of the dungeon, and saw 4 of its levels.

You collected 184 gold pieces.
You spent 112 gold pieces at shops.

Inventory:

Hand Weapons
 a - a +0 hand axe
 n - a +0 club
 p - a +2 vampiric broad axe (weapon)
Armour
 l - a +0 plate armour (worn)
 m - a +1 helmet (worn)
Scrolls
 b - 2 scrolls of fear {unknown}
 c - 2 scrolls of amnesia {unknown}
 d - 2 scrolls of blinking {unknown}
 e - a scroll of summoning {unknown}
 f - a scroll of brand weapon {unknown}
 i - 2 scrolls of fog {unknown}
 q - 2 scrolls of identify {unknown}
 t - a scroll of teleportation {unknown}
Potions
 g - 2 potions of degeneration {unknown}
 h - a potion of haste {unknown}
 j - a potion of invisibility {unknown}
 o - 2 potions of curing
 r - a potion of brilliance {unknown}
 s - a potion of berserk rage {unknown}
 u - 2 potions of heal wounds {unknown}


   Skills:
 * Level 4.4 Fighting
 * Level 4.0 Axes
 + Level 2.8 Armour
 + Level 2.7 Dodging
 * Level 2.3 Unarmed Combat


You had 5 spell levels left.
You didn't know any spells.
Your spell library was empty.

Dungeon Overview and Level Annotations

Branches:
Dungeon (4/15)
 Temple: D:4-7

Altars:
Fedhas

Shops:
D:3 :(*[?

Annotations:
D:4 Menkaure


Innate Abilities, Weirdness & Mutations

You regenerate magic rapidly.
You have a small tail.
Your touch may inflict irresistible damage on your foes.
You possess an exceptional clarity of mind.
You have hidden genetic potential.


Message History

You now have 72 gold pieces (gained 4).
Found an Inescapable Atlas.
Menkaure, Prince of Dust comes into view.
Menkaure shouts!
You hear a shout! x3
Menkaure is nearby!
An ogre comes into view. It is wielding a +0 giant club.
The ogre shouts!
Menkaure calls on the powers of darkness!
The ogre convulses!
Your body is wracked with pain!
A lemure comes into view.
The ogre moves out of view.
A kobold comes into view. It is wielding a +0 whip.
Menkaure hits you!
* * * LOW HITPOINT WARNING * * *
The ogre hits you with a +0 giant club!
* * * LOW HITPOINT WARNING * * *
You are too injured to fight recklessly!
You are too injured to fight recklessly!
You are too injured to fight recklessly!
You are too injured to fight recklessly!
You are too injured to fight recklessly!
You are too injured to fight recklessly!
You are too injured to fight recklessly!
You are too injured to fight recklessly!
You are too injured to fight recklessly!
You are too injured to fight recklessly!
You are too injured to fight recklessly!
You are too injured to fight recklessly!
You are too injured to fight recklessly!
It was a potion of mutation.
You feel extremely strange.
You feel a hidden potential growing inside you.
Your thoughts seem clearer.
A lemure comes into view.
A red film seems to cover your vision as you go berserk!
You feel yourself moving faster!
You feel mighty!
Menkaure calls on the powers of darkness!
The ogre convulses!
Your body is wracked with pain!
* * * LOW HITPOINT WARNING * * *
The kobold convulses!
The ogre hits you with a +0 giant club!
You die...

#..# # #..# #. #..#...#
#.5##..#...# ####5#...#...#
.....K...#...# #..MO##.:.#
####..@##...#
....<........#####
.####.............
##.###...#### #..##...# ##.
########..##...#####
...#####...................
####.....######...#....####
#.....# #.#.#....#


You could see an ogre, 2 lemures, Menkaure and a kobold.

Vanquished Creatures
  Sigmund (D:2)
  A sky beast (D:3)
  Robin (D:3)
  A shadow imp (D:4)
  A white imp (D:4)
  A worm (D:3)
  2 dart slugs
  2 endoplasms
  3 giant cockroaches
  10 goblins
  6 hobgoblins
  10 jackals (D:1)
  6 kobolds
  A quokka (D:3)
  3 ball pythons
  4 bats
  4 frilled lizards
  4 rats
61 creatures vanquished.

Notes
Turn   | Place    | Note
-------+----------+-------------------------------------------
     0 | D:1      | sammy202020 the Demonspawn Berserker began the quest for
                  | the Orb.
     0 | D:1      | Reached XP level 1. HP: 18/18 MP: 1/1
    27 | D:1      | Discovered your monstrous ancestry.
    27 | D:1      | Gained mutation: You have a small tail. [demonic ancestry]
    27 | D:1      | Reached XP level 2. HP: 9/24 MP: 2/2
   529 | D:1      | Found a faded altar of an unknown god.
  1034 | D:2      | Gained mutation: Your touch may inflict minor irresistible
                  | damage on your foes. [demonic ancestry]
  1034 | D:2      | Reached XP level 3. HP: 29/29 MP: 3/3
  1091 | D:2      | Noticed Sigmund
  1105 | D:2      | Killed Sigmund
  1106 | D:2      | Reached skill level 1 in Unarmed Combat
  1106 | D:2      | Gained mutation: Your touch may inflict irresistible damage
                  | on your foes. [demonic ancestry]
  1106 | D:2      | Reached XP level 4. HP: 29/37 MP: 4/4
  1106 | D:2      | Gained mutation: You regenerate magic rapidly. [demonic
                  | ancestry]
  1106 | D:2      | Reached XP level 5. HP: 32/42 MP: 5/5
  1200 | D:2      | You fall into a shaft and drop 1 floor!
  1219 | D:3      | Noticed Robin
  1232 | D:3      | Reached ** piety under Trog
  1237 | D:3      | Killed Robin
  1354 | D:3      | Found Titank Jahe's Assorted Antiques.
  1390 | D:3      | Found Ischuoc's Magic Scroll Shop.
  1435 | D:3      | Found a blossoming altar of Fedhas.
  1599 | D:3      | Found Loaribb's Book Shoppe.
  1663 | D:3      | Found Okhlay's Antique Weapon Shoppe.
  1669 | D:3      | Bought a runed broad axe for 112 gold pieces
  1687 | D:3      | Noticed a sky beast
  1700 | D:3      | Found Ileqaeghu's Armour Shop.
  1715 | D:3      | Killed a sky beast
  1716 | D:3      | Reached XP level 6. HP: 35/49 MP: 6/6
  2108 | D:4      | Noticed Menkaure
  2112 | D:4      | HP: 2/49 [ogre/+0 giant club (12)]
  2113 | D:4      | Gained mutation: You have hidden genetic potential. [potion
                  | of mutation]
  2113 | D:4      | Gained mutation: You possess an exceptional clarity of
                  | mind. [potion of mutation]
  2114 | D:4      | Mangled by an ogre

Illustrated notes

Levels and vault maps discovered:
D:1:      eino_arrival_druids_welcome, layout_rooms,
          hellmonk_ecumenical_altar_pennies_from_heaven
D:2:      minmay_skewed_foursquare, layout_basic, uniq_terence, uniq_sigmund
D:3:      layout_rooms, marbit_many_paths, serial_shops, shop, shop, shop,
          nicolae_shop_waterfront, shop, uniq_robin
D:4:      layout_basic, gammafunk_temple_overflow_claw, uniq_menkaure,
          uniq_pikel

Skill      XL: |  1  2  3  4  5  6 |
---------------+-------------------+-----
Armour         | 2 |  2.8
Dodging        | 2 |  2.7
Axes           | 3 4 |  4.0
Fighting       | 4 |  4.4
Unarmed Combat | 1 2 |  2.3

Action                   |  1- 3 |  4- 6 || total
-------------------------+-------+-------++-------
Melee: Hand axe          |    67 |    34 ||   101
       Tailslap          |     2 |     7 ||     9
       Touch             |     1 |     9 ||    10
       Broad axe         |       |    22 ||    22
       Punch             |       |     1 ||     1
Invok: Berserk           |       |     1 ||     1
  Use: Scroll            |       |     1 ||     1
       Potion            |       |     1 ||     1
Armor: Animal skin       |     9 |       ||     9
       Chain mail        |    20 |       ||    20
       Plate armour      |     4 |    48 ||    52
Dodge: Dodged            |    46 |    22 ||    68

Table legend: (Time is in decaauts)
 A = Elapsed time spent in this place.
 B = Non-inter-level travel time spent in this place.
 C = Inter-level travel time spent in this place.
 D = Time resting spent in this place.
 E = Time spent auto-exploring this place.
 F = Levels seen in this place.
 G = Mean time per level.
                   A        B        C        D        E       F      G
               +--------+--------+--------+--------+--------+-----+--------+
         Total |   2138 |   2138 |      0 |    435 |   1235 |   4 |  534.5 |
       Dungeon |   2138 |   2138 |      0 |    435 |   1235 |   4 |  534.5 |
               +--------+--------+--------+--------+--------+-----+--------+

Top non-repeatable levels by time:
     D:1: 1014 daAuts
     D:3: 695 daAuts
     D:4: 231 daAuts
     D:2: 196 daAuts
